 Dungeon Crawl Stone Soup version 0.29.1-2-gbd0b4ee654 (webtiles) character file.

Game seed: 8452857957302896671

121 raph the Firebug (level 5, -7/28 HPs)
             Began as a Tengu Fire Elementalist on Nov 26, 2022.
             Was an Initiate of Sif Muna.
             Mangled by Crazy Yiuf
             ... wielding a +3 quarterstaff of chaos
              (16 damage)
             ... on level 2 of the Dungeon.
             The game lasted 00:03:26 (2828 turns).

raph the Firebug (Tengu Fire Elementalist)          Turns: 2828, Time: 00:03:26

Health: -7/28      AC:  3    Str: 21    XL:     5   Next: 5%
Magic:  14/18      EV: 14    Int: 17    God:    Sif Muna [......]
Gold:   69         SH:  0    Dex: 14    Spells: 2/8 levels left

rFire   . . .      SeeInvis .   l - +6 hammer of Jaupuos {vorpal, rC+ Will+ Str+6}
rCold   + . .      Faith    .   (no shield)
rNeg    . . .      Spirit   .   a - +0 robe
rPois   .          Reflect  .   (helmet restricted)
rElec   .          Harm     .   (no cloak)
rCorr   .          Rampage  .   e - +0 pair of gloves
Will    +....                   (boots unavailable)
Stlth   ++........              (no amulet)
HPRegen 0.09/turn               g - ring of magical power
MPRegen 0.16/turn               j - +6 ring of strength

@: flying quickly and evasively, very slightly contaminated, quick
A: beak, talons 3, nimble flight
a: Renounce Religion


You were on level 2 of the Dungeon.
You worshipped Sif Muna.
Sif Muna was noncommittal.
You visited 1 branch of the dungeon, and saw 2 of its levels.

You collected 69 gold pieces.

Inventory:

Hand Weapons
 d - a +0 short sword
 l - the +6 hammer of Jaupuos (weapon) {vorpal, rC+ Will+ Str+6}
   (You found it on level 2 of the Dungeon)

   It inflicts extra damage upon your enemies.
   Str:       It affects your strength (+6).
   rC:        It protects you from cold.
   Will:      It increases your willpower.
Armour
 a - a +0 robe (worn)
 e - a +0 pair of gloves (worn)
Jewellery
 g - a ring of magical power (left hand)
 j - a +6 ring of strength (right hand)
 o - a ring of magical power
Scrolls
 c - a scroll of acquirement {unknown}
 h - a scroll of teleportation {unknown}
 k - a scroll of identify {unknown}
 m - a scroll of immolation {unknown}
Potions
 b - a potion of magic
 f - 2 potions of flight {unknown}
 i - 2 potions of berserk rage {unknown}
 n - a potion of brilliance {unknown}


   Skills:
 - Level 2.1 Dodging
 - Level 2.0 Stealth
 + Level 2.3 Spellcasting
 + Level 4.2 Conjurations
 + Level 4.8 Fire Magic


You had 2 spell levels left.
You knew the following spells:

 Your Spells              Type           Power      Damage    Failure   Level
a - Foxfire               Conj/Fire      68%        2x1d7     3%          1
b - Scorch                Fire           36%        2d6       4%          2
c - Conjure Flame         Conj/Fire      17%        6-21      9%          3

Your spell library contained the following spells:

 Spells                   Type           Power      Damage    Failure   Level
 Inner Flame              Hex/Fire       10%        N/A       22%         3
 Flame Wave               Conj/Fire      17%        2d7       28%         4
 Fulminant Prism          Conj/Hex       4%         3d6       61%         4
 Iskenderun's Mystic Bla  Conj/Tloc      9%         2d4       61%         4
 Lee's Rapid Deconstruct  Erth           0%         3d5*      99%         5


Dungeon Overview and Level Annotations

Branches:
Dungeon (2/15)

Altars:
Sif Muna

Annotations:
D:1 book
D:2 Crazy Yiuf


Innate Abilities, Weirdness & Mutations

You have a beak for a mouth.
You have claws for feet.
Your magical nature lets you fly swiftly and evasively.


Message History

Found a stone staircase leading down.
There is a stone staircase leading down here.
You see here 4 stones.
Found a stone staircase leading down.
There is a stone staircase leading down here.
A ball python comes into view.
The ball python hisses angrily.
Casting: Scorch (safe; 4% risk of failure)
Confirm with . or Enter, or press ? or * to list all spells.
Flames lash the ball python.
You kill the ball python!
Sif Muna accepts your kill.
There is a stone staircase leading down here.
You see here 4 stones.
You see here a +0 spear.
You see here a +0 spear.
You see here a +0 halberd.
You see here a +0 hammer.
You see here a +0 hammer.
You see here a +0 hammer.
Crazy Yiuf shouts!
You see here a +0 hammer.
You reach down and open the door.
Casting: Scorch (safe; 4% risk of failure)
Confirm with . or Enter, or press ? or * to list all spells.
You miscast Scorch.
You are very lightly contaminated with residual magic.
Nothing appears to happen.
Crazy Yiuf hits you with a +3 quarterstaff of chaos!
Crazy Yiuf freezes you.
Casting: Scorch (safe; 4% risk of failure)
Confirm with . or Enter, or press ? or * to list all spells.
Flames lash Crazy Yiuf.
Crazy Yiuf is heavily wounded.
Crazy Yiuf's fire resistance burns away.
Crazy Yiuf waves his quarterstaff at you.
Crazy Yiuf hits you with a +3 quarterstaff of chaos!
You are electrocuted!
Ouch! That really hurt!
You die...

##..## #.#
###.# #....#
#.###....
♣....♣
#.#.#.#.#
♣)..♣♣
#..#..#.#
♣♣)♣♣
#.#.###..
♣.♣♣
####.#.#....
♣♣)♣
#...........
♣)♣♣
####.#.###.#
♣♣@♣ #...#
#.# #g#
###.###.#
))) #.....#
#)))#
###.###
#).)# #.###
##### #....
#####


You could see Crazy Yiuf (combustible).

Vanquished Creatures
  Jessica (D:2)
  4 gnolls (D:2)
  An adder (D:2)
  A worm (D:2)
  7 ball pythons
  3 endoplasms
  2 giant cockroaches
  7 goblins
  3 hobgoblins
  2 quokkas (D:1)
  6 bats
  4 kobolds
  3 rats
44 creatures vanquished.

Vanquished Creatures (others)
  86 foxfires
86 creatures vanquished.

Grand Total: 130 creatures vanquished

Notes
Turn   | Place    | Note
-------+----------+-------------------------------------------
     0 | D:1      | raph the Tengu Fire Elementalist began the quest for the
                  | Orb.
     0 | D:1      | Reached XP level 1. HP: 10/10 MP: 4/4
   363 | D:1      | Reached XP level 2. HP: 15/15 MP: 4/6
   823 | D:1      | Learned a level 2 spell: Scorch
  1393 | D:1      | Reached XP level 3. HP: 19/19 MP: 7/7
  1626 | D:1      | book
  1726 | D:2      | Learned a level 3 spell: Conjure Flame
  1744 | D:2      | Found a runed translucent door.
  1744 | D:2      | Identified the +6 hammer of Jaupuos {vorpal, rC+ Will+
                  | Str+6}
  1747 | D:2      | Noticed Crazy Yiuf
  1779 | D:2      | Reached XP level 4. HP: 24/24 MP: 4/8
  1926 | D:2      | Found a shimmering blue altar of Sif Muna.
  1940 | D:2      | Became a worshipper of Sif Muna the Loreminder
  2384 | D:2      | Noticed Jessica
  2387 | D:2      | Killed Jessica
  2404 | D:2      | Gained mutation: Your magical nature lets you fly swiftly
                  | and evasively. [Tengu growth]
  2404 | D:2      | Reached XP level 5. HP: 28/28 MP: 9/9
  2828 | D:2      | Mangled by Crazy Yiuf

Illustrated notes

##...###...###...##
###.##.##.##.##.##
####...###...####
##.+..⌠..'..⌠..'.######
...##...###...##......#
###.##.## ##.###.####.#
#..#'#####+###......#
###..............###..#
....############@#:#..#
##### #.###..# #......#
###....# ######


Turn 1626 on D:1: book

Levels and vault maps discovered:
D:1:      saegor_arrival_simple_c, layout_loops_ring, nicolae_hexahallways,
          chequers_serial_rivers_room_b, grunt_decor_mini_mirrors,
          item_on_display_b
D:2:      layout_loops_ring, basic_altar, uniq_crazy_yiuf_cottage, uniq_jessica

Skill      XL: |  1  2  3  4 |
---------------+-------------+-----
Conjurations   | 2 3 4 |  4.2
Fire Magic     | 4 |  4.8
Dodging        | |  2.1
Stealth        | |  2.0
Spellcasting   | |  2.3

Action                   |  1- 3 |  4- 6 || total
-------------------------+-------+-------++-------
Melee: Unarmed           |     2 |       ||     2
       Short sword       |     4 |       ||     4
       Kick              |     3 |       ||     3
       Peck              |     1 |       ||     1
       Mace              |       |     2 ||     2
 Cast: Foxfire           |    35 |    14 ||    49
       Scorch            |    15 |    14 ||    29
       Conjure Flame     |       |     1 ||     1
 Stab: Sleeping          |     1 |       ||     1
Armor: Robe              |     3 |     2 ||     5
Dodge: Dodged            |     8 |     3 ||    11
